TOP OF THE 1ST |
Oklahoma State Cowboys batting - Pitching for Penn State Nittany Lions : RHP Derrick Reynolds
|
Pitching: RHP Derrick Reynolds
|
|
Batting: RHB Mark McCullough
|
0-0: Called Strike 0-1: SINGLE (Groundball, 56D)
|
Batting: RHB Earnest Maldonado
|
0-0: Ball 1-0: Ball 2-0: Ball 3-0: Base on Balls Mark McCullough to second
|
Batting: RHB Jack Hollon
|
0-0: Swinging Strike 0-1: Swinging Strike 0-2: Ball 1-2: Foul Ball, location: 2F 1-2: Foul Ball, location: 2F 1-2: Grounds into DOUBLE play, U5-4-3 1-2: Grounds into DOUBLE play, U5-4-3 (Groundball, 5L)
|
Batting: RHB Mark Hart
|
0-0: Called Strike 0-1: Called Strike 0-2: Ball 1-2: Strikes out swinging
|
Top of the 1st over - 0 run(s), 1 hit(s), 0 error(s), 1 left on base; Oklahoma State 0 - Penn State 0 |
BOTTOM OF THE 1ST |
Penn State Nittany Lions batting - Pitching for Oklahoma State Cowboys : RHP Lance Britt
|
Pitching: RHP Lance Britt
|
|
Batting: LHB Andrew Russell
|
0-0: Called Strike 0-1: Swinging Strike 0-2: Strikes out looking
|
Batting: SHB Jim Gibson
|
0-0: Foul Ball, location: 2F 0-1: SINGLE (Line Drive, 7M)
|
Batting: RHB Tom Gordon
|
0-0: Ball 1-0: Called Strike 1-1: Ball 2-1: Called Strike 2-2: Ball 3-2: Foul Ball, location: 2F 3-2: Strikes out swinging
|
Batting: RHB Randy Jacobs
|
0-0: Ball 1-0: Called Strike 1-1: Ball 2-1: 2-RUN HOME RUN (Flyball, 78XD), Distance : 374 ft
|
Batting: RHB Johnny Hood
|
0-0: Ball 1-0: Foul Ball, location: 2F 1-1: Ball 2-1: Called Strike 2-2: SINGLE (Flyball, 8LM)
|
Batting: SHB Tony Yan
|
0-0: Foul Ball, location: 2F 0-1: Ball 1-1: Ball 2-1: Swinging Strike 2-2: Foul Ball, location: 2F 2-2: Fly out, F6 (Line Drive, 6)
|
Bottom of the 1st over - 2 run(s), 3 hit(s), 0 error(s), 1 left on base; Oklahoma State 0 - Penn State 2 |
TOP OF THE 2ND |
Oklahoma State Cowboys batting - Pitching for Penn State Nittany Lions : RHP Derrick Reynolds
|
Batting: SHB John Hill
|
0-0: Fly out, F8 (Flyball, 8LS)
|
Batting: RHB Jack Bradley
|
0-0: Ground out 5-3 (Groundball, 5)
|
Batting: RHB David Alonso
|
0-0: Called Strike 0-1: Swinging Strike 0-2: Ball 1-2: Strikes out looking
|
Top of the 2nd over - 0 run(s), 0 hit(s), 0 error(s), 0 left on base; Oklahoma State 0 - Penn State 2 |
BOTTOM OF THE 2ND |
Penn State Nittany Lions batting - Pitching for Oklahoma State Cowboys : RHP Lance Britt
|
Batting: RHB Sergio Gonzáles
|
0-0: Called Strike 0-1: Ball 1-1: SINGLE (Groundball, 56)
|
Batting: RHB Mark Roy
|
0-0: Ball 1-0: Ball 2-0: Ball 3-0: Called Strike 3-1: Base on Balls Sergio Gonzáles to second
|
Batting: RHB Jeremiah Ward
|
0-0: Ball 1-0: Ball 2-0: Called Strike 2-1: Ball 3-1: Called Strike 3-2: Grounds into double play, U6-3 (Groundball, 6M) Sergio Gonzáles to third
|
Batting: LHB Andrew Russell
|
0-0: Fly out, F8 (Line Drive, 8RM)
|
Bottom of the 2nd over - 0 run(s), 1 hit(s), 0 error(s), 1 left on base; Oklahoma State 0 - Penn State 2 |
TOP OF THE 3RD |
Oklahoma State Cowboys batting - Pitching for Penn State Nittany Lions : RHP Derrick Reynolds
|
Batting: RHB Adrián López
|
0-0: Ground out 5-3 (Groundball, 5S)
|
Batting: RHB Henry Jackson
|
0-0: Swinging Strike 0-1: Swinging Strike 0-2: Ball 1-2: Ball 2-2: Strikes out looking
|
Batting: RHB Mark McCullough
|
0-0: Ball 1-0: Ball 2-0: Called Strike 2-1: Ball 3-1: Foul Ball, location: 2F 3-2: Foul Ball, location: 2F 3-2: Fly out, F8 (Flyball, 8LXD)
|
Top of the 3rd over - 0 run(s), 0 hit(s), 0 error(s), 0 left on base; Oklahoma State 0 - Penn State 2 |
BOTTOM OF THE 3RD |
Penn State Nittany Lions batting - Pitching for Oklahoma State Cowboys : RHP Lance Britt
|
Batting: SHB Jim Gibson
|
0-0: SINGLE (Groundball, 34D)
|
Batting: RHB Tom Gordon
|
0-0: Ball 1-0: Foul Ball, location: 2F 1-1: Called Strike 1-2: Foul Ball, location: 2F 1-2: Foul Ball, location: 2F 1-2: Ball 2-2: Foul Ball, location: 2F 2-2: Foul Ball, location: 2F 2-2: Strikes out looking
|
Batting: RHB Randy Jacobs
|
0-0: Ball 1-0: Swinging Strike 1-1: Ball 2-1: Called Strike 2-2: Ball 3-2: Base on Balls Jim Gibson to second
|
Batting: RHB Johnny Hood
|
0-0: Swinging Strike 0-1: Ground out 5-3 (Groundball, 5S) Jim Gibson to third Randy Jacobs to second
|
Batting: SHB Tony Yan
|
0-0: Ball 1-0: Ball 2-0: Ball 3-0: Base on Balls
|
Batting: RHB Sergio Gonzáles
|
0-0: Swinging Strike 0-1: Ball 1-1: Swinging Strike 1-2: SINGLE (Line Drive, 6MD) Jim Gibson scores Randy Jacobs to third Tony Yan to second Runner from 3rd tries for Home, SAFE, no throw or cutoff
|
Batting: RHB Mark Roy
|
0-0: Ball 1-0: Ball 2-0: Ball 3-0: Called Strike 3-1: Ground out 5-3 (Groundball, 15S)
|
Bottom of the 3rd over - 2 run(s), 2 hit(s), 0 error(s), 2 left on base; Oklahoma State 0 - Penn State 4 |
TOP OF THE 4TH |
Oklahoma State Cowboys batting - Pitching for Penn State Nittany Lions : RHP Derrick Reynolds
|
Batting: RHB Earnest Maldonado
|
0-0: Bunt for hit - play at first, batter safe!
|
Batting: RHB Jack Hollon
|
0-0: Called Strike 0-1: Foul Ball, location: 2F 0-2: Ball 1-2: Strikes out looking
|
Batting: RHB Mark Hart
|
0-0: Ball Earnest Maldonado steals 2nd base 1-0: Ball 2-0: Ball 3-0: Called Strike 3-1: Foul Ball, location: 2F 3-2: Base on Balls
|
Batting: SHB John Hill
|
0-0: Called Strike 0-1: Ball 1-1: Ball 2-1: Ball 3-1: Base on Balls Earnest Maldonado to third Mark Hart to second
|
Batting: RHB Jack Bradley
|
0-0: Foul Ball, location: 2F 0-1: Ball Passed Ball! Earnest Maldonado scores Mark Hart to third John Hill to second 1-1: Ball 2-1: Swinging Strike 2-2: Strikes out swinging
|
Batting: RHB David Alonso
|
0-0: Called Strike 0-1: Ball 1-1: Ball 2-1: Ball 3-1: Fly out, F9 (Flyball, 9S)
|
Top of the 4th over - 1 run(s), 1 hit(s), 0 error(s), 2 left on base; Oklahoma State 1 - Penn State 4 |
BOTTOM OF THE 4TH |
Penn State Nittany Lions batting - Pitching for Oklahoma State Cowboys : RHP Lance Britt
|
Batting: RHB Jeremiah Ward
|
0-0: Ball 1-0: Called Strike 1-1: Ball 2-1: Ground out 5-3 (Groundball, 56)
|
Batting: LHB Andrew Russell
|
0-0: Ball 1-0: Swinging Strike 1-1: Foul Ball, location: 2F 1-2: Foul Ball, location: 2F 1-2: Foul Ball, location: 2F 1-2: Ball 2-2: Fly out, F7 (Flyball, 7M)
|
Batting: SHB Jim Gibson
|
0-0: Ground out 4-3 (Groundball, 4)
|
Bottom of the 4th over - 0 run(s), 0 hit(s), 0 error(s), 0 left on base; Oklahoma State 1 - Penn State 4 |
TOP OF THE 5TH |
Oklahoma State Cowboys batting - Pitching for Penn State Nittany Lions : RHP Derrick Reynolds
|
Batting: RHB Adrián López
|
0-0: Ball 1-0: Ball 2-0: DOUBLE (Groundball, 5L)
|
Batting: RHB Henry Jackson
|
0-0: Called Strike 0-1: Ball 1-1: Foul Ball, location: 2F 1-2: Ball 2-2: Ball 3-2: Foul Ball, location: 2F 3-2: Foul Ball, location: 2F 3-2: Base on Balls
|
Batting: RHB Mark McCullough
|
0-0: Swinging Strike 0-1: Foul Ball, location: 2F 0-2: Strikes out swinging
|
Batting: RHB Earnest Maldonado
|
0-0: Called Strike 0-1: Swinging Strike 0-2: Strikes out swinging
|
Batting: RHB Jack Hollon
|
0-0: Called Strike 0-1: SINGLE (Groundball, 6MD) Adrián López to third Henry Jackson to second Runner from 3rd tries for Home, SAFE, no throw or cutoff
|
Pitching: RHP Fernando Peña
|
|
Batting: RHB Mark Hart
|
0-0: Ball 1-0: Foul Ball, location: 2F 1-1: Swinging Strike 1-2: Ball 2-2: Foul Ball, location: 2F 2-2: Ball 3-2: Foul Ball, location: 2F 3-2: Foul Ball, location: 2F 3-2: Strikes out looking
|
Top of the 5th over - 1 run(s), 2 hit(s), 0 error(s), 2 left on base; Oklahoma State 2 - Penn State 4 |
BOTTOM OF THE 5TH |
Penn State Nittany Lions batting - Pitching for Oklahoma State Cowboys : RHP Lance Britt
|
Pitching: RHP R.J. Hull
|
|
Batting: RHB Tom Gordon
|
0-0: Called Strike Single, Error in OF, E9, batter to second base
|
Batting: RHB Randy Jacobs
|
0-0: Ball 1-0: Foul Ball, location: 2F 1-1: Swinging Strike Passed Ball! Tom Gordon to third 1-2: Strikes out swinging
|
Batting: RHB Johnny Hood
|
0-0: Ball 1-0: Foul Ball, location: 2F 1-1: Ball 2-1: Ball 3-1: Foul Ball, location: 2F 3-2: SINGLE (Flyball, 78S) Tom Gordon scores
|
Batting: SHB Tony Yan
|
0-0: Ball 1-0: Called Strike 1-1: Ball 2-1: Ball 3-1: SINGLE (Line Drive, 34) Johnny Hood to second Throwing error, E9 Johnny Hood scores Tony Yan to second
|
Batting: RHB Sergio Gonzáles
|
0-0: Called Strike 0-1: Ball 1-1: Foul Ball, location: 2F 1-2: Fly out, F8 (Flyball, 8RM)
|
Batting: RHB Mark Roy
|
0-0: Called Strike 0-1: Ball 1-1: Swinging Strike 1-2: Ball 2-2: Fly out, F8 (Flyball, 8RXD)
|
Bottom of the 5th over - 2 run(s), 3 hit(s), 2 error(s), 1 left on base; Oklahoma State 2 - Penn State 6 |
TOP OF THE 6TH |
Oklahoma State Cowboys batting - Pitching for Penn State Nittany Lions : RHP Fernando Peña
|
Batting: SHB John Hill
|
0-0: Called Strike 0-1: Swinging Strike 0-2: Ball 1-2: Strikes out swinging
|
Batting: RHB Jack Bradley
|
0-0: Ground out 1-3 (Groundball, 13S)
|
Batting: RHB David Alonso
|
0-0: Called Strike 0-1: Ball 1-1: Foul Ball, location: 2F 1-2: Strikes out looking
|
Top of the 6th over - 0 run(s), 0 hit(s), 0 error(s), 0 left on base; Oklahoma State 2 - Penn State 6 |
BOTTOM OF THE 6TH |
Penn State Nittany Lions batting - Pitching for Oklahoma State Cowboys : RHP R.J. Hull
|
Batting: RHB Jeremiah Ward
|
0-0: Ball 1-0: Ball 2-0: Called Strike 2-1: Ball 3-1: Base on Balls
|
Batting: LHB Andrew Russell
|
0-0: Called Strike 0-1: Foul Ball, location: 2F 0-2: Ball 1-2: Strikes out swinging
|
Pitching: RHP Dawson Piper
|
|
Batting: SHB Jim Gibson
|
0-0: Ball 1-0: Called Strike 1-1: Ball 2-1: Ball Jeremiah Ward steals 2nd base 3-1: Swinging Strike 3-2: Fly out, F9 (Line Drive, 89M)
|
Batting: RHB Tom Gordon
|
0-0: Ball 1-0: Called Strike 1-1: Ball 2-1: Foul Ball, location: 2F 2-2: Ball 3-2: Fly out, F3 (Popup, 3F)
|
Bottom of the 6th over - 0 run(s), 0 hit(s), 0 error(s), 1 left on base; Oklahoma State 2 - Penn State 6 |
TOP OF THE 7TH |
Oklahoma State Cowboys batting - Pitching for Penn State Nittany Lions : RHP Fernando Peña
|
Batting: RHB Adrián López
|
0-0: Ball 1-0: Fly out, F6 (Popup, 6MD)
|
Batting: RHB Henry Jackson
|
0-0: Called Strike 0-1: Ball 1-1: Called Strike 1-2: Fly out, F8 (Popup, 8LS)
|
Batting: RHB Mark McCullough
|
0-0: Called Strike 0-1: Fly out, F8 (Flyball, 8LS)
|
Top of the 7th over - 0 run(s), 0 hit(s), 0 error(s), 0 left on base; Oklahoma State 2 - Penn State 6 |
BOTTOM OF THE 7TH |
Penn State Nittany Lions batting - Pitching for Oklahoma State Cowboys : RHP Dawson Piper
|
Batting: RHB Randy Jacobs
|
0-0: Foul Ball, location: 2F 0-1: Ball 1-1: Ball 2-1: Foul Ball, location: 2F 2-2: Ball 3-2: Strikes out swinging
|
Batting: RHB Johnny Hood
|
0-0: Ground out 6-3 (Groundball, 6M)
|
Batting: SHB Tony Yan
|
0-0: Ball 1-0: Called Strike 1-1: Swinging Strike 1-2: Strikes out looking
|
Bottom of the 7th over - 0 run(s), 0 hit(s), 0 error(s), 0 left on base; Oklahoma State 2 - Penn State 6 |
TOP OF THE 8TH |
Oklahoma State Cowboys batting - Pitching for Penn State Nittany Lions : RHP Fernando Peña
|
Pitching: LHP Bryce Johnston
|
|
Batting: RHB Earnest Maldonado
|
0-0: Foul Ball, location: 2F 0-1: Ground out 6-3 (Groundball, 6MS)
|
Batting: RHB Jack Hollon
|
0-0: Called Strike 0-1: Ball 1-1: Swinging Strike 1-2: Fly out, F4 (Popup, 34)
|
Batting: RHB Mark Hart
|
0-0: Foul Ball, location: 2F 0-1: Called Strike 0-2: Ball 1-2: Ball 2-2: Foul Ball, location: 2F 2-2: Ball 3-2: TRIPLE (Flyball, 7LS)
|
Batting: SHB John Hill
|
0-0: Called Strike 0-1: Swinging Strike 0-2: Strikes out swinging
|
Top of the 8th over - 0 run(s), 1 hit(s), 0 error(s), 1 left on base; Oklahoma State 2 - Penn State 6 |
BOTTOM OF THE 8TH |
Penn State Nittany Lions batting - Pitching for Oklahoma State Cowboys : RHP Dawson Piper
|
Batting: RHB Sergio Gonzáles
|
0-0: Foul Ball, location: 2F 0-1: Called Strike 0-2: Foul Ball, location: 2F 0-2: Strikes out swinging
|
Pitching: LHP Joe Hamilton
|
|
Batting: RHB Mark Roy
|
0-0: Ball 1-0: SOLO HOME RUN (Flyball, 7D), Distance : 362 ft
|
Batting: RHB Jeremiah Ward
|
0-0: Ground out 6-3 (Groundball, 6)
|
Batting: LHB Andrew Russell
|
0-0: Foul Ball, location: 2F 0-1: Foul Ball, location: 2F 0-2: Strikes out looking
|
Bottom of the 8th over - 1 run(s), 1 hit(s), 0 error(s), 0 left on base; Oklahoma State 2 - Penn State 7 |
TOP OF THE 9TH |
Oklahoma State Cowboys batting - Pitching for Penn State Nittany Lions : LHP Bryce Johnston
|
Now at C: Tony Jones
|
|
Batting: RHB Jack Bradley
|
0-0: Fly out, F7 (Flyball, 7M)
|
Batting: RHB David Alonso
|
0-0: Called Strike 0-1: Fly out, F3 (Popup, 3F)
|
Batting: RHB Adrián López
|
0-0: DOUBLE (Line Drive, 5D)
|
Batting: RHB Henry Jackson
|
0-0: Called Strike 0-1: Swinging Strike 0-2: Ball Balk! Adrián López to third 1-2: Ball 2-2: Ball 3-2: Base on Balls
|
Batting: RHB Mark McCullough
|
0-0: Ball 1-0: Swinging Strike 1-1: Fly out, F6 (Popup, 6)
|
Top of the 9th over - 0 run(s), 1 hit(s), 0 error(s), 2 left on base; Oklahoma State 2 - Penn State 7 |
|